 Dungeon Crawl Stone Soup version 0.28-a0-1415-g7c84da036a (webtiles) character file.

Game seed: 4031470066234274918

1414 siradein the Ducker (level 9, -8/63 HPs)
             Began as a Djinni Gladiator on Jan 7, 2022.
             Mangled by a two-headed ogre (13 damage)
             ... on level 6 of the Dungeon.
             The game lasted 00:11:31 (6820 turns).

siradein the Ducker (Djinni Gladiator)              Turns: 6820, Time: 00:11:32

Health: -8/63      AC:  9    Str: 23    XL:     9   Next: 2%
Gold:   207        EV: 13    Int: 10    God:
                   SH:  0    Dex: 15

rFire   + + .      SeeInvis .   E - +2 halberd (venom)
rCold   x . .      Faith    .   (shield currently unavailable)
rNeg    . . .      Spirit   .   h - +0 ring mail
rPois   ∞          Reflect  .   c - +0 helmet
rElec   .          Harm     .   u - +0 cloak
rCorr   .          Rampage  .   w - +0 pair of gloves
Will    .....                   (boots unavailable)
Stlth   +.........              (no amulet)
HPRegen 0.20/turn               m - +6 ring of strength
MPRegen 0.00/turn               (no ring)

@: flying
A: sickness immunity, fire resistance 2, cold vulnerability 1, float, innate
caster, hp casting, extra vitality 1
a: no special abilities


You were on level 6 of the Dungeon.
You visited 1 branch of the dungeon, and saw 6 of its levels.

You collected 207 gold pieces.

Inventory:

Hand Weapons
 a - a +0 long sword
 E - a +2 halberd of venom (weapon)
Missiles
 d - 3 throwing nets
 j - 13 poisoned darts (quivered)
Armour
 c - a +0 helmet (worn)
 h - a +0 ring mail (worn)
 u - a +0 cloak (worn)
 w - a +0 pair of gloves (worn)
Jewellery
 f - a ring of protection from fire
 m - a +6 ring of strength (left hand)
Wands
 A - a wand of mindburst (4)
 D - a wand of paralysis (6)
Scrolls
 i - a scroll of enchant armour {unknown}
 l - 2 scrolls of brand weapon {unknown}
 n - a scroll of torment {unknown}
 o - a scroll of noise {unknown}
 p - 3 scrolls of teleportation {unknown}
 r - a scroll of acquirement {unknown}
 s - a scroll of holy word {unknown}
 x - 3 scrolls of blinking {unknown}
 y - a scroll of magic mapping {unknown}
 z - 3 scrolls of amnesia {unknown}
 C - 2 scrolls of identify {unknown}
Potions
 b - 2 potions of attraction {unknown}
 e - a potion of curing {unknown}
 g - a potion of heal wounds {unknown}
 k - 2 potions of haste {unknown}
 q - 2 potions of mutation {unknown}
 t - a potion of cancellation {unknown}
 v - a potion of might {unknown}
 B - a potion of lignification {unknown}


   Skills:
 + Level 4.6 Fighting
 + Level 4.7 Long Blades
 + Level 3.8 Throwing
 + Level 4.0 Armour
 + Level 5.7 Dodging
 + Level 2.9 Spellcasting


You had 3 spell levels left.
You knew the following spells:

 Your Spells              Type           Power      Damage    Failure   Level
a - Slow                  Hex            28%        N/A       13%         1
b - Poisonous Vapours     Pois/Air       14%        N/A       21%         2
c - Call Canine Familiar  Summ           7%         N/A       36%         3
d - Olgreb's Toxic Radia  Pois           7%         N/A       78%         4
Your spell library was empty.

Dungeon Overview and Level Annotations

Branches:
Dungeon (6/15)
 Temple: D:4-7

Altars:
Hepliaklqana
Okawaru
Ru
Trog


Innate Abilities, Weirdness & Mutations

You are immune to sickness and miasma.
You are immune to poison.
Your flesh is very heat resistant. (rF++)
You are vulnerable to cold. (rC-)
You float through the air rather than walking.
You learn spells naturally, not from books.
Your magical power is your life essence.
You have superior vitality. (+4 MHP)


Message History

The stone arrow hits you but does no damage.
You fly upwards.
There is a stone staircase leading down here.
You start resting.
HP restored.
There is a stone staircase leading down here.
You fly downwards.
There is a stone staircase leading up here.
The two-headed ogre shouts in stereo!
A two-headed ogre is nearby!
A two-headed ogre is nearby!
A two-headed ogre is nearby!
You reach to attack!
You puncture the two-headed ogre!
The two-headed ogre is moderately wounded.
You hit the two-headed ogre but do no damage.
The two-headed ogre is poisoned.
The two-headed ogre is moderately wounded.
The two-headed ogre misses you.
The two-headed ogre hits you but does no damage.
The two-headed ogre closely misses you.
The two-headed ogre hits you but does no damage.
You reach to attack!
You barely miss the two-headed ogre.
The two-headed ogre is moderately wounded.
The two-headed ogre hits you with a +1 dire flail of protection!
The two-headed ogre hits you with a +0 dire flail!
You closely miss the two-headed ogre.
The two-headed ogre is moderately wounded.
The two-headed ogre hits you with a +1 dire flail of protection!!
The two-headed ogre hits you with a +0 dire flail!
* * * LOW HITPOINT WARNING * * *
There is a stone staircase leading up here.
Found 11 gold pieces.
The two-headed ogre looks more healthy.
There is a stone staircase leading up here.
You hit the two-headed ogre.
The two-headed ogre is poisoned.
The two-headed ogre is heavily wounded.
The two-headed ogre hits you with a +1 dire flail of protection!
* * * LOW HITPOINT WARNING * * *
The two-headed ogre hits you with a +0 dire flail!
You die...

.##. ..#. #.#. ###.#.
.....## #.##.. #.....
###############z....
#.O@..<.##..)zzz.#.. ##.
#.#####.##z#####.#..
$....#.#####.##.#####.##.
#...............##.##.
##.8.8.##.##.#........
#.._.....##.#z.##..##
##...######........#
#.### ###....#.# #.#
#.##.#.#


You could see a two-headed ogre (very poisoned).

Vanquished Creatures
  An ogre (D:5)
  2 phantoms
  Blork the orc (D:5)
  A bullfrog (D:6)
  3 scorpions (D:5)
  A water moccasin skeleton (D:5)
  8 wights
  A howler monkey (D:5)
  A bullfrog zombie (D:3)
  A centaur zombie (D:4)
  An orc priest (D:3)
  A hound (D:5)
  A jelly (D:6)
  2 orc wizards
  A hound zombie (D:5)
  A hound skeleton (D:4)
  2 howler monkey zombies (D:5)
  2 gnolls (D:4)
  6 adders
  A howler monkey skeleton (D:3)
  3 ufetubi (D:5)
  An adder skeleton (D:4)
  2 dart slugs
  16 orcs
  5 ball pythons
  4 bats
  7 endoplasms
  A giant cockroach (D:1)
  4 goblins
  3 hobgoblins
  7 quokkas
  3 frilled lizards
  7 kobolds
  5 rats
106 creatures vanquished.

Notes
Turn   | Place    | Note
-------+----------+-------------------------------------------
     0 | D:1      | siradein the Djinni Gladiator began the quest for the Orb.
     0 | D:1      | Reached XP level 1. HP: 18/18 MP: 0/0
    54 | D:1      | Found a faded altar of an unknown god.
   469 | D:1      | Reached XP level 2. HP: 16/23 MP: 0/0
  1013 | D:2      | Found a hazy altar of Hepliaklqana.
  1028 | D:2      | Reached XP level 3. HP: 16/28 MP: 0/0
  1028 | D:2      | Learned a level 1 spell: Slow
  1446 | D:2      | Reached skill level 1 in Armour
  1816 | D:3      | Reached XP level 4. HP: 17/34 MP: 0/0
  2222 | D:3      | Reached XP level 5. HP: 37/39 MP: 0/0
  2222 | D:3      | Learned a level 2 spell: Poisonous Vapours
  2721 | D:3      | Reached skill level 1 in Spellcasting
  3055 | D:3      | Reached skill level 4 in Dodging
  3329 | D:4      | Reached XP level 6. HP: 29/46 MP: 0/0
  3801 | D:3      | HP: 2/46 [phantom (4)]
  4109 | D:3      | Reached XP level 7. HP: 30/50 MP: 0/0
  4109 | D:3      | Learned a level 3 spell: Call Canine Familiar
  4427 | D:5      | Entered Level 5 of the Dungeon
  4750 | D:5      | Noticed Blork the orc
  4763 | D:5      | Killed Blork the orc
  4771 | D:5      | Reached skill level 5 in Dodging
  4771 | D:5      | Reached XP level 8. HP: 39/58 MP: 0/0
  5362 | D:5      | Found a sacrificial altar of Ru.
  5478 | D:6      | Found a bloodstained altar of Trog.
  5478 | D:6      | Noticed a two-headed ogre
  6472 | D:6      | Reached XP level 9. HP: 63/63 MP: 0/0
  6472 | D:6      | Learned a level 4 spell: Olgreb's Toxic Radiance
  6476 | D:6      | Found an iron altar of Okawaru.
  6476 | D:6      | Noticed a gargoyle
  6820 | D:6      | Mangled by a two-headed ogre

Illustrated notes

Levels and vault maps discovered:
D:1:      giann_wishing_wells, layout_basic,
          hellmonk_ecumenical_altar_crossroads, minivault_4
D:2:      layout_loops_ring, basic_altar
D:3:      minmay_inner_zag, layout_loops_ring
D:4:      layout_basic
D:5:      layout_cave_pools, nicolae_ru_path_of_blood, grunt_ministairs_10,
          uniq_blork_the_orc
D:6:      layout_loops_cross, chequers_decorated_corner,
          hangedman_feature_mirror, corexii_corridor_pit, minmay_misc_feat_roman

Skill      XL: |  1  2  3  4  5  6  7  8 |
---------------+-------------------------+-----
Armour         | 1 2 3 4 |  4.0
Long Blades    | 3 4 |  4.7
Throwing       | 2 3 |  3.8
Spellcasting   | 1 2 |  2.9
Dodging        | 4 5 |  5.7
Fighting       | 3 4 |  4.6

Action                   |  1- 3 |  4- 6 |  7- 9 || total
-------------------------+-------+-------+-------++-------
Melee: Long sword        |   111 |    91 |       ||   202
       Punch             |     2 |     3 |     2 ||     7
       Trident           |       |    66 |   173 ||   239
       Halberd           |       |       |     9 ||     9
Throw: Dart              |       |     1 |       ||     1
 Stab: Sleeping          |     1 |       |       ||     1
Armor: Leather armour    |    12 |       |       ||    12
       Ring mail         |    53 |    64 |    53 ||   170
Dodge: Dodged            |    86 |    93 |   134 ||   313

Table legend: (Time is in decaauts)
 A = Elapsed time spent in this place.
 B = Non-inter-level travel time spent in this place.
 C = Inter-level travel time spent in this place.
 D = Time resting spent in this place.
 E = Time spent auto-exploring this place.
 F = Levels seen in this place.
 G = Mean time per level.
                   A        B        C        D        E       F      G
               +--------+--------+--------+--------+--------+-----+--------+
         Total |   6956 |   6818 |    138 |   1338 |   4027 |   6 | 1159.3 |
       Dungeon |   6956 |   6818 |    138 |   1338 |   4027 |   6 | 1159.3 |
               +--------+--------+--------+--------+--------+-----+--------+

Top non-repeatable levels by time:
     D:3: 1722 daAuts
     D:5: 1677 daAuts
     D:4: 1190 daAuts
     D:2: 1031 daAuts
     D:1: 762 daAuts
     D:6: 571 daAuts
